AoeStats
← kenneth3011

Arabian Desert

510223133Analyzed
1v1 RM · 1d ago on Sep 30, 2026· 40m 54s· 2 players
Game mode
Random Map
Map size
Tiny (2 player)
Population
200
Speed
Normal
Resources
Standard
Victory
Conquest
Starting age
Dark Age
Ending age
Imperial Age
RankedLock teamsTeams togetherTeam positionsShared explorationLock speedFull tech treeHidden civsTurbo modeCheats
Victory
Defeat
🇨🇴 Teutons · Colombia
1389
+17
🇲🇽 Cumans · Mexico
1410
-17
kenneth3011
7:00 Loom
9:30 Feudal Age
12:17 Town Watch
12:26 Fletching
19:53 Wheelbarrow
20:00 Horse Collar
25:23 Castle Age
25:41 Gold Mining
25:41 Stone Mining
26:10 Double-Bit Axe
26:33 Heavy Plow
28:07 Hand Cart
41:12 Bloodlines
Thanathoz130
5:09 Loom
9:16 Feudal Age
9:42 Double-Bit Axe
12:43 Fletching
28:17 Padded Archer Armor
Connection lost

Rejoining the realm…

Still unreachable

The connection could not be restored.

Session expired

The server has moved on; the page needs a fresh start.